 Dungeon Crawl Stone Soup version 0.23.1-37-gaa34b87 (webtiles) character file.

Game seed: 709865150136680048

172 teukkam the Covered (level 5, -1/47 HPs)
             Began as a Minotaur Fighter on Mar 20, 2019.
             Slain by an orc
             ... wielding a +0 trident
              (6 damage)
             ... on level 4 of the Dungeon.
             The game lasted 00:04:37 (1204 turns).

teukkam the Covered (Minotaur Fighter)              Turns: 1204, Time: 00:04:37

Health: -1/47      AC:  5    Str: 22    XL:     5   Next: 27%
Magic:  4/4        EV:  9    Int:  5    God:
Gold:   93         SH:  9    Dex:  9    Spells: 4/4 levels left

rFire    + . .     SeeInvis .   a - +1 spear (pierce)
rCold    . . .     Gourm    .   c - +0 shield
rNeg     . . .     Faith    .   e - +2 leather armour {rF+}
rPois    .         Spirit   .   (helmet restricted)
rElec    .         Reflect  .   (no cloak)
rCorr    .         Harm     .   (no gloves)
MR       .....                  (no boots)
Stlth    +.........             (no amulet)
HPRegen  0.15/turn              (no ring)
MPRegen  0.09/turn              (no ring)

@: about to teleport
A: retaliatory headbutt, horns 2
a: no special abilities


You were on level 4 of the Dungeon.
You were not hungry.

You visited 1 branch of the dungeon, and saw 5 of its levels.

You collected 93 gold pieces.

Inventory:

Hand Weapons
 a - a +1 spear of piercing (weapon)
 g - a +0 war axe
Missiles
 b - 27 sling bullets
Armour
 c - a +0 shield (worn)
 e - a +2 leather armour of fire resistance (worn)
Wands
 h - a wand of acid (8)
Potions
 k - a potion of mutation {unknown}
Comestibles
 d - a chunk of flesh
 f - 4 rations


   Skills:
 + Level 4.8 Fighting
 - Level 3.6(3.7) Axes
 + Level 1.1(2.5) Polearms
 + Level 4.8 Armour
 + Level 4.7 Shields


You had 4 spell levels left.
You didn't know any spells.
Your spell library was empty.

Dungeon Overview and Level Annotations

Branches:
Dungeon (5/15)
 Temple: D:4-7

Altars:
Trog

Annotations:
D:4 1 runed translucent door, Karim's ghost, novice GnWn


Innate Abilities, Weirdness & Mutations

You reflexively headbutt those who attack you in melee.
You have a pair of horns on your head.


Message History

Unknown command.
You hit the orc but do no damage. You block the orc's attack.
The orc hits you but does no damage.
You hit the orc. You headbutt the orc.
You kill the orc!
You block the orc's attack.
The orc wizard gestures at you while chanting.
The magic dart hits you!
* * * LOW HITPOINT WARNING * * *
You closely miss the orc wizard.
The orc wizard is lightly wounded.
You block the orc wizard's attack. The orc hits you with a +0 trident.
* * * LOW HITPOINT WARNING * * *
It was a potion of curing.
You feel better.
The orc wizard casts a spell.
The orc wizard blinks!
The orc hits you with a +0 trident.
* * * LOW HITPOINT WARNING * * *
As you read the scroll of teleportation, it crumbles to dust.
You feel strangely unstable. The orc hits you with a +0 trident.
You die...

# #..# .######
###.####.)##....<..
#.............#
#..$...#.##.#
#.#####..#.# #
.........#o#
..#####.##.#
[#####.##o#
#...?...@ยง.#
#.####..o### #.###a
..( o. ..... .##
#### ##


You could see a worker ant, an orc wizard and 2 orcs.

Vanquished Creatures
  An orc priest (D:3)
  An orc wizard (D:4)
  4 gnolls (D:3)
  An adder (D:2)
  2 worms
  A leopard gecko (D:4)
  10 orcs
  2 ball pythons
  6 bats
  5 giant cockroaches
  2 goblins (D:3)
  4 hobgoblins
  2 jackals (D:1)
  2 frilled lizards (D:1)
  A jackal skeleton (D:4)
  5 kobolds
  A leopard gecko skeleton (D:4)
  2 rats (D:1)
52 creatures vanquished.

Notes
Turn   | Place    | Note
-------+----------+-------------------------------------------
     0 | D:1      | teukkam the Minotaur Fighter began the quest for the Orb.
     0 | D:1      | Reached XP level 1. HP: 19/19 MP: 0/0
    83 | D:1      | Reached XP level 2. HP: 24/27 MP: 1/1
   241 | D:2      | Reached XP level 3. HP: 30/33 MP: 2/2
   490 | D:3      | Reached XP level 4. HP: 21/41 MP: 3/3
  1112 | D:4      | Found a runed translucent door.
  1112 | D:4      | Noticed Karim's ghost (novice GnWn)
  1141 | D:5      | Entered Level 5 of the Dungeon
  1141 | D:5      | Found a bloodstained altar of Trog.
  1186 | D:4      | Reached XP level 5. HP: 38/47 MP: 4/4
  1189 | D:4      | Reached skill level 1 in Polearms
  1202 | D:4      | HP: 1/47 [orc/+0 trident (6)]
  1204 | D:4      | Slain by an orc

Skill      XL: |  1  2  3  4  5 |
---------------+----------------+-----
Fighting       | 4 |  4.8
Axes           | 3 |  3.6
Armour         | 4 |  4.8
Shields        | 4 |  4.7
Polearms       | 1 |  1.1

Action                   |  1- 3 |  4- 6 || total
-------------------------+-------+-------++-------
Melee: War axe           |    62 |    22 ||    84
       Headbutt          |     5 |     5 ||    10
       Spear             |       |    45 ||    45
  Use: Potion            |     1 |     1 ||     2
       Scroll            |       |     2 ||     2
  Eat: Chunk             |       |     1 ||     1
Armor: Leather armour    |    34 |    11 ||    45
       Scale mail        |     1 |       ||     1
Dodge: Dodged            |    31 |    16 ||    47
Block: Shield            |    41 |    27 ||    68
